Map: Odyssey LE

Players

Cuervo - Winner!

  • Race: Zerg Zerg
  • Spawn Location: 11:00

Edo

  • Race: Protoss Protoss
  • League: Silver
  • Spawn Location: 5:00

VOD

Have the link to the VOD?

Description

Time

  • Played on: Sept. 21, 2017, 9:26 a.m.
  • Length: 9:09
Show
View Real Time Build Order
Export as new Build Order

Cuervo Zerg - Winner!

Build Orders: Pool First 

Get SALT Encoding   

  12  0:01  Drone  
  13  0:12  Overlord  
  13  0:16  Drone  
  14  0:31  Drone x2  
  17  0:35  Drone  
  17  0:45  Spawning Pool  
  16  0:51  Drone  
  17  1:10  Hatchery  
  16  1:13  Drone  
  16  1:17  Extractor  
  16  1:19  Drone  
  16  1:21  Drone  
  18  1:28  Drone  
  19  1:34  Queen  
  21  1:41  Overlord  
  21  1:55  Drone  
  22  2:01  Zergling x2  
  23  2:10  Queen  
  25  2:15  Zergling x2  
  25  2:19  Metabolic Boost  
  26  2:23  Queen  
  26  2:24  Drone  
  26  2:25  Drone  
  30  2:37  Drone  
  30  2:38  Drone  
  30  2:43  Overlord  
  32  2:49  Roach Warren  
  31  2:54  Drone x3  
  31  2:57  Drone  
  35  2:59  Drone  
  36  3:08  Drone x2  
  38  3:17  Drone x2  
  40  3:29  Drone x4  
  40  3:32  Overlord x2  
  44  3:44  Lair  
  44  3:47  Hatchery  
  43  3:49  Extractor  
  43  3:57  Roach  
  43  3:58  Roach x5  
  43  4:02  Queen, Spine Crawler  
  55  4:12  Roach x2  
  57  4:27  Roach  
  59  4:38  Roach  
  60  4:40  Overlord  
  60  4:42  Hatchery  
  59  4:48  Queen  
  57  5:03  Drone x4  
  57  5:04  Drone  
  57  5:05  Overlord  
  62  5:11  Glial Reconstitution  
  62  5:14  Drone  
  62  5:15  Drone x3  
  62  5:17  Roach  
  68  5:24  Zergling x6  
  71  5:41  Drone x2  
  71  5:42  Drone  
  74  5:49  Drone x2  
  76  5:51  Overlord x3  
  76  5:57  Drone x2  
  77  5:58  Drone x2  
  80  6:15  Evolution Chamber  
  80  6:16  Evolution Chamber, Roach x5  
  80  6:17  Roach x2  
  92  6:33  Roach  
  92  6:34  Roach x6  
  106  6:44  Overlord  
  106  6:45  Overlord x6  
  106  7:00  Zerg Missile Weapons Level 1  
  106  7:10  Roach  
  106  7:11  Roach x6  
  120  7:21  Roach  
  120  7:22  Roach  
  124  7:23  Overlord x2  
  121  7:33  Roach  
  121  7:34  Roach x2  
  126  7:39  Extractor x2  
  124  7:44  Drone  
  124  7:45  Drone x8  
  113  7:59  Roach  
  113  8:00  Roach x4  
  113  8:03  Zergling x16  
  121  8:14  Roach, Zergling x2  
  121  8:15  Zergling x2  
  121  8:25  Zergling x6  
  125  9:08  Hatchery  
Show
View Real Time Build Order
Export as new Build Order

Edo Protoss 

Build Orders:  

Get SALT Encoding   

  12  0:03  Probe (Chrono Boost)  
  13  0:14  Pylon  
  13  0:31  Probe (Chrono Boost)  
  13  0:33  Gateway  
  14  0:46  Gateway  
  15  0:50  Probe (Chrono Boost)  
  15  1:00  Probe (Chrono Boost)  
  16  1:11  Probe (Chrono Boost)  
  17  1:21  Cybernetics Core, Probe (Chrono Boost)  
  17  1:24  Pylon  
  18  1:30  Zealot (Chrono Boost)  
  20  1:38  Zealot (Chrono Boost)  
  22  1:54  Assimilator  
  22  1:57  Assimilator  
  22  2:00  Pylon  
  22  2:04  Probe  
  22  2:08  Pylon  
  23  2:25  Zealot (Chrono Boost)  
  23  2:28  Zealot (Chrono Boost)  
  27  2:36  Probe  
  28  2:48  Probe  
  29  3:00  Stalker (Chrono Boost)  
  29  3:04  Stalker (Chrono Boost)  
  33  3:23  Probe  
  34  3:28  Nexus  
  34  3:30  Pylon  
  36  3:37  Stalker (Chrono Boost)  
  36  3:46  Stalker (Chrono Boost)  
  34  4:33  Stalker (Chrono Boost)  
  34  4:37  Stalker (Chrono Boost)  
  38  4:59  Probe  
  38  5:00  Probe  
  40  5:09  Probe  
  40  5:10  Forge  
  40  5:12  Probe  
  40  5:13  Stargate  
  42  5:20  Probe  
  42  5:21  Warp Gate  
  42  5:24  Probe, Stalker (Chrono Boost)  
  42  5:27  Stalker (Chrono Boost)  
  48  5:30  Probe  
  49  5:36  Probe  
  49  5:41  Probe  
  49  5:42  Gateway  
  51  5:43  Gateway  
  51  5:48  Protoss Ground Weapons Level 1  
  51  5:55  Pylon  
  51  5:56  Assimilator  
  51  5:58  Assimilator  
  51  6:03  Oracle  
  54  6:34  Probe  
  54  6:35  Probe  
  56  6:44  Probe, Stalker (Chrono Boost)  
  65  6:47  Probe  
  65  6:48  Stalker x2 (Chrono Boost)  
  65  6:50  Sentry (Chrono Boost)  
  59  6:55  Probe  
  59  6:59  Probe  
  58  7:05  Mothership Core  
  42  7:34  Probe  
  42  7:36  Probe  
  44  7:45  Probe  
  44  7:48  Probe  
  38  7:55  Probe  
  30  8:00  Probe  
  19  8:06  Probe  
  19  8:12  Probe  
  10  8:21  Stalker  
  10  8:24  Probe  
Tags
 
League
Silver
Matchup
PvZ
Opening
Pool First
Spawn Locations
Cross Positions
Add a new tag
Caveats
  • Supply blocks, unpowered buildings, or Contaminate may cause inaccurate times.
  • Supply counts are checked every 10 seconds.